 Dungeon Crawl Stone Soup version 0.28.0-45-g0d030f2227 (webtiles) character file.

Game seed: 15374663000746177678

71 Ablot the Cutter (level 4, -2/41 HPs)
             Began as a Gnoll Chaos Knight on Apr 17, 2022.
             Was a Plaything of Xom.
             Slain by Crazy Yiuf
             ... wielding a +4 quarterstaff of chaos
              (12 damage)
             ... on level 2 of the Dungeon.
             The game lasted 00:04:00 (1438 turns).

Ablot the Cutter (Gnoll Chaos Knight)               Turns: 1438, Time: 00:04:01

Health: -2/41      AC:  5    Str: 14      XL:     4   Next: 24%
Magic:  5/5        EV: 17    Int: 11      God:    Xom [*.....]
Gold:   136        SH:  0    Dex: 10 (11) Spells: 5/5 levels left

rFire   . . .      SeeInvis .   a - +0 short sword (chaos)
rCold   . . .      Faith    .   (no shield)
rNeg    . . .      Spirit   .   b - +2 leather armour
rPois   .          Reflect  .   (no helmet)
rElec   .          Harm     .   (no cloak)
rCorr   .          Rampage  .   (no gloves)
Will    .....                   (no boots)
Stlth   +.........              (no amulet)
HPRegen 0.13/turn               (no ring)
MPRegen 0.09/turn               (no ring)

@: agile
A: fangs 1, strong nose, distributed training
a: Renounce Religion


You were on level 2 of the Dungeon.
You worshipped Xom.
You were a special plaything of Xom.
You visited 1 branch of the dungeon, and saw 2 of its levels.

You collected 136 gold pieces.

Inventory:

Hand Weapons
 a - a +0 short sword of chaos (weapon)
Missiles
 d - 58 stones (quivered)
 e - 56 arrows
 m - 11 bolts
Armour
 b - a +2 leather armour (worn)
Magical Staves
 k - a staff of conjuration
Scrolls
 c - 2 scrolls of amnesia {unknown}
 h - 2 scrolls of vulnerability {unknown}
 i - a scroll of teleportation {unknown}
 l - a scroll of magic mapping {unknown}
Potions
 f - 2 potions of heal wounds {unknown}
 g - 2 potions of curing {unknown}
 j - a potion of brilliance {unknown}


   Skills:
 + Level 6.6 Fighting
 + Level 6.6 Short Blades
 + Level 1.1 Long Blades
 + Level 1.1 Axes
 + Level 1.1 Maces & Flails
 + Level 1.1 Polearms
 + Level 1.1 Staves
 + Level 1.1 Slings
 + Level 1.1 Bows
 + Level 1.1 Crossbows
 + Level 1.1 Throwing
 + Level 4.6 Armour
 + Level 2.7 Dodging
 + Level 1.1 Stealth
 + Level 1.1 Shields
 + Level 1.1 Unarmed Combat
 + Level 1.1 Spellcasting
 + Level 0.8 Conjurations
 + Level 0.8 Hexes
 + Level 0.8 Summonings
 + Level 0.8 Necromancy
 + Level 0.8 Translocations
 + Level 0.8 Transmutations
 + Level 0.8 Fire Magic
 + Level 0.8 Ice Magic
 + Level 0.8 Air Magic
 + Level 0.8 Earth Magic
 + Level 0.8 Poison Magic
 + Level 1.2 Invocations
 + Level 1.1 Evocations


You had 5 spell levels left.
You didn't know any spells.
Your spell library contained the following spells:

 Spells                   Type           Power      Damage    Failure   Level
 Apportation              Tloc           4%         N/A       28%         1
 Slow                     Hex            8%         N/A       28%         1
 Confusing Touch          Hex            2%         N/A       63%         3
 Vampiric Draining        Necr           2%         2d6       63%         3
 Alistair's Intoxication  Tmut/Pois      1%         N/A       100%        5


Dungeon Overview and Level Annotations

Branches:
Dungeon (2/15)

Altars:
Ashenzari

Annotations:
D:2 Crazy Yiuf


Innate Abilities, Weirdness & Mutations

You have very sharp teeth.
Your uncanny sense of smell can sniff out nearby items.
Your experience applies equally to all skills.


Message History

m - 11 bolts As you open the door, it creaks loudly!
There is an open door here.
Found a mace.
You see here a +0 mace.
Found seven maces.
Found a runed translucent door.
You see here a +0 mace.
Found a mace.
You see here a +0 mace.
You see here a +0 mace.
Found three maces.
You see here a +0 mace.
You open the door. "Suffer!"
You feel clumsy.
Crazy Yiuf says, "Everyone has the same god; only people differ."
Crazy Yiuf hits you with a +4 quarterstaff of chaos.
You closely miss Crazy Yiuf. You hit Crazy Yiuf. Your bite misses Crazy Yiuf.
Crazy Yiuf is moderately wounded.
Crazy Yiuf hits you with a +4 quarterstaff of chaos.
You resist with some effort.
You hit Crazy Yiuf but do no damage.
Crazy Yiuf goes berserk!
Crazy Yiuf is moderately wounded.
Crazy Yiuf misses you.
You hit Crazy Yiuf but do no damage.
Crazy Yiuf is moderately wounded.
Crazy Yiuf hits you with a +4 quarterstaff of chaos!!
Ouch! That really hurt!
* * * LOW HITPOINT WARNING * * *
You feel agile all of a sudden.
Xom is highly amused!
You hit Crazy Yiuf but do no damage. Your bite misses Crazy Yiuf.
Crazy Yiuf is moderately wounded.
Crazy Yiuf closely misses you.
You hit Crazy Yiuf. You freeze Crazy Yiuf.
Crazy Yiuf is moderately wounded.
Crazy Yiuf hits you with a +4 quarterstaff of chaos!
You die...
Xom chuckles heartily!

###### .....# #####
.....# #).)# .....#
#)))# .....# )))
.....##### #g#
........># ♣@♣♣
.....###.# ♣♣)♣
###### #.## ♣)♣♣ #
######..# ♣♣)♣
###....##.# ♣♣)♣♣
.......'.†## ♣♣..)♣
.......#...# ♣....♣
.......##..# #....#
.##....##..####....#


You could see Crazy Yiuf (berserk).

Vanquished Creatures
  An orc priest (D:2)
  A worm (D:2)
  5 orcs (D:2)
  6 goblins
  A hobgoblin (D:1)
  A quokka (D:1)
  A ball python (D:2)
  5 bats
  6 frilled lizards
  3 kobolds
  2 rats
32 creatures vanquished.

Notes
Turn   | Place    | Note
-------+----------+-------------------------------------------
     0 | D:1      | Ablot the Gnoll Chaos Knight began the quest for the Orb.
     0 | D:1      | Reached XP level 1. HP: 23/23 MP: 1/1
   219 | D:1      | Reached XP level 2. HP: 29/29 MP: 2/2
   465 | D:1      | XOM: divination: detect creatures
   488 | D:2      | Found a broken altar of Ashenzari.
   689 | D:2      | XOM: silly message
   711 | D:2      | Reached XP level 3. HP: 29/35 MP: 3/3
   800 | D:2      | Reached skill level 1 in Long Blades
   800 | D:2      | Reached skill level 1 in Axes
   800 | D:2      | Reached skill level 1 in Maces & Flails
   800 | D:2      | Reached skill level 1 in Polearms
   800 | D:2      | Reached skill level 1 in Staves
   800 | D:2      | Reached skill level 1 in Slings
   800 | D:2      | Reached skill level 1 in Bows
   800 | D:2      | Reached skill level 1 in Crossbows
   800 | D:2      | Reached skill level 1 in Throwing
   800 | D:2      | Reached skill level 1 in Stealth
   800 | D:2      | Reached skill level 1 in Shields
   800 | D:2      | Reached skill level 1 in Unarmed Combat
   800 | D:2      | Reached skill level 1 in Spellcasting
   800 | D:2      | Reached skill level 1 in Invocations
   800 | D:2      | Reached skill level 1 in Evocations
   800 | D:2      | Reached XP level 4. HP: 16/41 MP: 5/5
   901 | D:2      | XOM: noise
  1037 | D:2      | XOM: silly message
  1261 | D:2      | Found a faded altar of an unknown god.
  1428 | D:2      | Found a runed translucent door.
  1429 | D:2      | Noticed Crazy Yiuf
  1432 | D:2      | XOM: stat loss: -1 Dex (10/11)
  1438 | D:2      | Slain by Crazy Yiuf

Illustrated notes

Levels and vault maps discovered:
D:1:      noname_arrival_rooms_in_the_neighbourhood, layout_rooms
D:2:      cheibrodos_pilgrimage, layout_basic, shapermc_ecumenical_altar_petra,
          basic_altar, minivault_25, minmay_indecisive_spiral,
          uniq_crazy_yiuf_cottage

Skill      XL: |  1  2  3 |
---------------+----------+-----
Long Blades    | 1 |  1.1
Axes           | 1 |  1.1
Maces & Flails | 1 |  1.1
Polearms       | 1 |  1.1
Staves         | 1 |  1.1
Slings         | 1 |  1.1
Bows           | 1 |  1.1
Crossbows      | 1 |  1.1
Throwing       | 1 |  1.1
Stealth        | 1 |  1.1
Shields        | 1 |  1.1
Unarmed Combat | 1 |  1.1
Spellcasting   | 1 |  1.1
Invocations    | 1 |  1.2
Evocations     | 1 |  1.1
Fighting       | |  6.6
Short Blades   | |  6.6
Armour         | |  4.6
Dodging        | |  2.7
Conjurations   | |  0.8
Hexes          | |  0.8
Summonings     | |  0.8
Necromancy     | |  0.8
Translocations | |  0.8
Transmutations | |  0.8
Fire Magic     | |  0.8
Ice Magic      | |  0.8
Air Magic      | |  0.8
Earth Magic    | |  0.8
Poison Magic   | |  0.8

Action                   |  1- 3 |  4- 6 || total
-------------------------+-------+-------++-------
Melee: Short sword       |    85 |    19 ||   104
       Punch             |     2 |       ||     2
       Bite              |     5 |     2 ||     7
 Stab: Petrifying        |     1 |       ||     1
       Paralysed         |     1 |       ||     1
Armor: Leather armour    |    34 |     6 ||    40
Dodge: Dodged            |    65 |     8 ||    73
